 Dungeon Crawl Stone Soup version 0.27-a0-124-g19cb506db8 (webtiles) character file.

Game seed: 3085440934541999333

1587 tsouns the Magician (level 8, -3/31 (36) HPs)
             Began as a Spriggan Ice Elementalist on Jan 26, 2021.
             Was a Believer of Vehumet.
             Slain by a wight
             ... wielding a +9 flail
              (4 damage)
             ... in an ossuary.
             The game lasted 00:16:28 (7862 turns).

tsouns the Magician (Spriggan Ice Elementalist)     Turns: 7862, Time: 00:16:28

HP:   -3/31 (36)    AC:  5    Str:  4    XL:     8   Next: 61%
MP:   19/19         EV: 18    Int: 18    God:    Vehumet [**....]
Gold: 382           SH:  7    Dex: 17    Spells: 6/21 levels left

rFire    . . .     SeeInvis +   d - +3 hand axe (vorpal)
rCold    . . .     Faith    .   r - +0 buckler
rNeg     . . .     Spirit   .   a - +1 robe
rPois    .         Reflect  .   (helmet restricted)
rElec    .         Harm     .   n - +1 cloak
rCorr    .         Rampage  .   (gloves unavailable)
Will     +++..                  (boots unavailable)
Stlth    ++........             (no amulet)
HPRegen  0.10/turn              y - ring of willpower
MPRegen  0.16/turn              h - ring of willpower

@: heavily drained, very quick
A: very small, unfitting armour, see invisible, speed 3
a: Renounce Religion


You were in an ossuary.
You worshipped Vehumet.
Vehumet was pleased with you.
You visited 1 branch of the dungeon, and saw 7 of its levels.
You also visited: Ossuary.

You collected 382 gold pieces.

Inventory:

Hand Weapons
 d - a +3 vorpal hand axe (weapon)
 l - a +0 war axe
 s - a +1 short sword of draining
 u - a +0 war axe of freezing
Missiles
 f - 17 poisoned darts
Armour
 a - a +1 robe (worn)
 n - a +1 cloak (worn)
 r - a +0 buckler (worn)
Jewellery
 h - a ring of willpower (right hand)
 w - an uncursed ring of ice
 y - a ring of willpower (left hand)
Wands
 g - a wand of mindburst (19)
 j - a wand of acid (4)
Scrolls
 e - a scroll of identify
 k - 5 scrolls of teleportation
 t - 2 scrolls of remove curse
Potions
 b - a potion of haste
 c - a potion of lignification
 i - 2 potions of mutation {unknown}
 m - 2 potions of flight {unknown}
 o - 4 potions of curing {unknown}
 q - a potion of brilliance {unknown}
 v - a potion of ambrosia {unknown}
 x - a potion of attraction {unknown}
 z - a potion of resistance {unknown}


   Skills:
 + Level 0.2 Fighting
 + Level 2.6 Axes
 + Level 3.1 Dodging
 - Level 3.0 Stealth
 + Level 2.8 Shields
 - Level 7.0 Spellcasting
 - Level 3.3 Conjurations
 - Level 2.0 Summonings
 - Level 5.6 Ice Magic


You had 6 spell levels left.
You knew the following spells:

 Your Spells              Type           Power        Failure   Level
a - Freeze                Ice            100%         1%          1
b - Frozen Ramparts       Ice            52%          4%          3
c - Ozocubu's Armour      Ice            26%          4%          3
d - Hailstorm             Conj/Ice       22%          24%         4
e - Summon Ice Beast      Ice/Summ       20%          30%         4

Your spell library contained the following spells:

 Spells                   Type           Power        Failure   Level
 Searing Ray              Conj           36%          5%          2


Dungeon Overview and Level Annotations

Branches:
Dungeon (7/15)             Temple (0/1) D:7         Ossuary (1/1)

Altars:
Ashenzari
Fedhas
Okawaru
Vehumet
Wu Jian

Annotations:
D:2 exclusion: oklob plant


Innate Abilities, Weirdness & Mutations

You are very small and have problems with some larger weapons.
You are too small for most types of armour.
You have supernaturally acute eyesight. (SInv)
You cover ground extremely quickly.


Message History

You are too injured to fight recklessly!
You are too injured to fight recklessly!
You are too injured to fight recklessly!
You are too injured to fight recklessly!
You are too injured to fight recklessly!
You are too injured to fight recklessly!
You are too injured to fight recklessly!
You are too injured to fight recklessly!
You hit the wight but do no damage.
The wight is lightly damaged.
The wight closely misses you.
You hit the wight.
The wight is heavily damaged.
The wight hits you with a +9 flail!
You feel drained.
You barely miss the wight.
The wight is heavily damaged.
The wight hits you with a +9 flail!
* * * LOW HITPOINT WARNING * * *
You feel drained.
You die...

#
##...##
###'###
#)'.'.#
###.###
#.'.'.#
###.###
#.'.'.#
###.###
+.@z#
#.###
+.+ #.#
#+#


You could see a wight.

Vanquished Creatures
  Grinder (D:3)
  A wyvern (D:7)
  A sky beast (D:5)
  An ogre (D:5)
  A phantom (D:4)
  A bullfrog (D:6)
  A scorpion (D:4)
  A wight (Ossuary)
  A howler monkey (D:6)
  A jelly (D:6)
  Crazy Yiuf (D:2)
  A hound (D:5)
  2 orc priests
  A centaur skeleton (D:4)
  Jessica (D:3)
  3 iguanas
  3 orc wizards
  4 worker ants
  A hound zombie (D:5)
  2 hound skeletons
  A mummy (D:7)
  14 adders
  A white imp (D:5)
  An ufetubus (D:6)
  2 oozes (D:2)
  2 adder skeletons (D:6)
  2 adder zombies
  3 worms
  2 dart slugs (D:2)
  4 leopard geckos
  10 orcs
  7 giant cockroaches
  8 goblins
  10 hobgoblins
  7 jackals (D:1)
  4 quokkas
  A ball python (D:2)
  6 bats
  3 frilled lizards
  A giant cockroach zombie (D:5)
  2 hobgoblin skeletons (Ossuary)
  A hobgoblin zombie (Ossuary)
  11 kobolds
  3 leopard gecko skeletons
  An orc skeleton (Ossuary)
  An orc zombie (Ossuary)
  A quokka skeleton (D:5)
  12 rats
150 creatures vanquished.

Vanquished Creatures (others)
  11 plants (D:5)
  4 toadstools (D:1)
15 creatures vanquished.

Grand Total: 165 creatures vanquished

Notes
Turn   | Place    | Note
-------+----------+-------------------------------------------
     0 | D:1      | tsouns the Spriggan Ice Elementalist began the quest for
                  | the Orb.
     0 | D:1      | Reached XP level 1. HP: 9/9 MP: 5/5
    87 | D:1      | Reached skill level 3 in Spellcasting
   111 | D:1      | Reached XP level 2. HP: 8/13 MP: 0/7
   675 | D:1      | Reached XP level 3. HP: 16/16 MP: 4/8
  1028 | D:1      | Reached skill level 1 in Axes
  1207 | D:2      | Found a blossoming altar of Fedhas.
  1224 | D:2      | Noticed an oklob plant
  1396 | D:2      | Reached XP level 4. HP: 15/21 MP: 3/10
  1423 | D:2      | Reached skill level 4 in Spellcasting
  1427 | D:2      | Learned a level 3 spell: Frozen Ramparts
  1431 | D:2      | Learned a level 3 spell: Ozocubu's Armour
  1436 | D:2      | Learned a level 4 spell: Hailstorm
  1842 | D:2      | Found an ornate altar of the Wu Jian Council.
  1996 | D:2      | Reached XP level 5. HP: 24/24 MP: 7/12
  2227 | D:2      | Found a runed translucent door.
  2228 | D:2      | Noticed Crazy Yiuf
  2237 | D:2      | Killed Crazy Yiuf
  2691 | D:3      | Found a radiant altar of Vehumet.
  2797 | D:3      | Reached skill level 1 in Conjurations
  2801 | D:3      | Became a worshipper of Vehumet
  2903 | D:3      | Noticed Jessica
  2910 | D:3      | Killed Jessica
  3044 | D:3      | Noticed Grinder
  3173 | D:4      | Reached XP level 6. HP: 28/28 MP: 8/14
  3329 | D:4      | You fall into a shaft and drop 2 floors!
  3336 | D:6      | Reached skill level 5 in Spellcasting
  3424 | D:5      | Entered Level 5 of the Dungeon
  4100 | D:4      | Reached XP level 7. HP: 28/32 MP: 5/16
  4266 | D:4      | Found an iron altar of Okawaru.
  4411 | D:4      | Reached skill level 1 in Shields
  4414 | D:4      | Reached * piety under Vehumet
  4414 | D:4      | Offered knowledge of Sandblast by Vehumet.
  4921 | D:3      | Learned a level 4 spell: Summon Ice Beast
  4949 | D:3      | Killed Grinder
  5541 | D:4      | Reached skill level 1 in Summonings
  5541 | D:4      | Reached skill level 5 in Ice Magic
  5672 | D:4      | Reached skill level 6 in Spellcasting
  6045 | D:5      | Reached XP level 8. HP: 36/36 MP: 12/18
  7281 | D:6      | Found a broken altar of Ashenzari.
  7541 | D:7      | Found a staircase to the Ecumenical Temple.
  7572 | D:7      | Reached ** piety under Vehumet
  7572 | D:7      | Offered knowledge of Searing Ray by Vehumet.
  7658 | D:7      | Found a sand-covered staircase.
  7673 | D:7      | Reached skill level 7 in Spellcasting
  7675 | Ossuary  | Entered an ossuary
  7862 | Ossuary  | HP: 1/33 [wight/+9 flail (11)]
  7862 | Ossuary  | Slain by a wight

Illustrated notes

Levels and vault maps discovered:
D:1:      ldierk_water_garden, layout_basic, serial_rivers,
          chequers_serial_rivers_large_b, chequers_serial_rivers_marsh,
          chequers_serial_rivers_micro_d, chequers_serial_rivers_small_a,
          minmay_box_of_dots
D:2:      layout_basic, nzn_wu_jian_council_hall, tgw_fedhas,
          uniq_crazy_yiuf_cottage
D:3:      layout_basic, lemuel_crystal_altar, serial_corexii_hall,
          corexii_hall_statues_l, corexii_hall_statues_x, uniq_jessica,
          uniq_grinder
D:4:      layout_loops_ring, lemuel_doored_altar, kennysheep_generic_room_7
D:5:      wad_lake_hut, layout_basic, grunt_ministairs_2,
          minmay_tree_intersection
D:6:      layout_basic, nicolae_ashenzari_panopticon
D:7:      layout_rooms, gammafunk_temple_overflow_elements,
          minmay_temple_entry_slanted, nicolae_ossuary_entry_giza,
          sword_in_stone
Ossuary:  ossuary_due_cavern

Skill      XL: |  1  2  3  4  5  6  7  8 |
---------------+-------------------------+-----
Spellcasting   | 3 4 5 6 7 |  7.0
Axes           | 1 2 |  2.6
Ice Magic      | 4 5 |  5.6
Conjurations   | 1 2 3 |  3.3
Shields        | 2 |  2.8
Summonings     | 1 2 |  2.0
Fighting       | |  0.2
Dodging        | |  3.1
Stealth        | |  3.0

Action                   |  1- 3 |  4- 6 |  7- 9 || total
-------------------------+-------+-------+-------++-------
Melee: Hand axe          |    16 |     9 |   117 ||   142
       Short sword       |       |    10 |    12 ||    22
       War axe           |       |       |     8 ||     8
 Cast: Freeze            |    66 |   101 |    50 ||   217
       Frozen Ramparts   |       |     7 |    10 ||    17
       Ozocubu's Armour  |       |     2 |     4 ||     6
Evoke: Wand              |       |       |     8 ||     8
  Use: Scroll            |     6 |     4 |     4 ||    14
       Potion            |       |       |     2 ||     2
 Stab: Sleeping          |     1 |     2 |     9 ||    12
Armor: Robe              |     5 |    10 |    18 ||    33
       Skin              |       |       |     9 ||     9
Dodge: Dodged            |    72 |    74 |    98 ||   244
Block: Buckler           |       |     3 |    44 ||    47

Table legend: (Time is in decaauts)
 A = Elapsed time spent in this place.
 B = Non-inter-level travel time spent in this place.
 C = Inter-level travel time spent in this place.
 D = Time resting spent in this place.
 E = Time spent auto-exploring this place.
 F = Levels seen in this place.
 G = Mean time per level.
                   A        B        C        D        E       F      G
               +--------+--------+--------+--------+--------+-----+--------+
         Total |   6358 |   6247 |    111 |      0 |   5143 |   8 |  794.8 |
       Dungeon |   6184 |   6073 |    111 |      0 |   5007 |   7 |  883.4 |
       Ossuary |    173 |    173 |      0 |      0 |    136 |   1 |  173.0 |
               +--------+--------+--------+--------+--------+-----+--------+

Top non-repeatable levels by time:
     D:5: 1255 daAuts
     D:4: 1220 daAuts
     D:2: 1169 daAuts
     D:1: 1019 daAuts
     D:3: 929 daAuts
     D:6: 472 daAuts
 Ossuary: 173 daAuts
     D:7: 117 daAuts
